 Dungeon Crawl Stone Soup version 0.31-a0-920-g28cbb04a8c (webtiles) character file.

Game seed: 12288588742704412376

16724 jasper the Sage (level 12, 0/92 HPs)
             Began as a Demonspawn Venom Mage on Oct 17, 2023.
             Was a High Priest of Sif Muna.
             Slain by a komodo dragon (19 damage)
             ... on level 1 of the Lair of Beasts.
             The game lasted 00:27:06 (14404 turns).

jasper the Sage (Demonspawn Venom Mage)            Turns: 14404, Time: 00:27:06

Health: 0/92       AC: 25    Str: 10    XL:     12   Next: 12%
Magic:  13/19      EV: 19    Int: 21    God:    Sif Muna [*****.]
Gold:   719        SH:  6    Dex: 13    Spells: 4/19 levels left

rFire   . . .        p - +3 dagger (venom)
rCold   + . .        Q - +2 buckler of the Stone Wall {Contam rC+ Slay+2}
rNeg    . . .        D - +0 steam dragon scales
rPois   .            r - +0 helmet
rElec   .            (no cloak)
rCorr   .            d - +0 pair of gloves
SInv    .            k - +0 pair of boots
Will    .....        (no amulet)
Stlth   ++           n - +4 ring of protection
HPRegen 0.35/turn    B - +4 ring of protection
MPRegen 0.16/turn

%: no passive effects
@: agile, sanguine armoured
A: powered by pain 2, sanguine armour 2, demonic magic 2
a: Renounce Religion, Channel Magic, Forget Spell, Divine Exegesis


You were on level 1 of the Lair of Beasts.
You worshipped Sif Muna.
Sif Muna was extremely pleased with you.
You visited 2 branches of the dungeon, and saw 12 of its levels.

You collected 719 gold pieces.

Inventory:

Hand Weapons
 j - a +0 short sword
 l - a +0 dagger of venom
 p - a +3 dagger of venom (weapon)
 q - a +0 quarterstaff
Missiles
 e - 116 stones
 g - 22 boomerangs
 J - 2 curare-tipped darts
Armour
 a - a +0 robe
 d - a +0 pair of gloves (worn)
 k - a +0 pair of boots (worn)
 r - a +0 helmet (worn)
 u - a +0 kite shield
 C - +3 acid dragon scales
 D - +0 steam dragon scales (worn)
 Q - the +2 buckler of the Stone Wall (worn) {Contam rC+ Slay+2}
   (You acquired it on level 1 of the Lair of Beasts)

   Slay+2:    It affects your accuracy & damage with ranged weapons and melee
   (+2).
   rC+:       It protects you from cold.
   Contam:    It causes magical contamination when unequipped.
Jewellery
 m - a ring of see invisible
 n - a +4 ring of protection (left hand)
 B - a +4 ring of protection (right hand)
 E - a ring of resist corrosion
 L - a ring of flight
 M - the ring of the Endless Expanse {Str+2 Dex+6}
   (You found it on level 1 of the Lair of Beasts)

   [ring of dexterity]

   Str+2:     It affects your strength (+2).
   Dex+6:     It affects your dexterity (+6).
Talismans
 y - a granite talisman
Wands
 o - a wand of charming (14)
 t - a wand of flame (16)
 H - a wand of digging (9)
 P - a wand of acid (3)
Scrolls
 h - 4 scrolls of teleportation
 A - 2 scrolls of enchant weapon
 F - a scroll of revelation
 I - a scroll of torment {unknown}
 K - a scroll of vulnerability
 R - a scroll of immolation {unknown}
Potions
 b - a potion of magic
 c - 2 potions of invisibility
 f - 3 potions of curing
 i - 4 potions of enlightenment
 s - 4 potions of lignification
 v - 2 potions of brilliance
 w - 2 potions of degeneration
 x - a potion of might {unknown}
 z - 2 potions of haste {unknown}
 G - a potion of heal wounds
 N - 3 potions of attraction {unknown}
 O - a potion of mutation {unknown}


   Skills:
 - Level 7.8 Fighting
 - Level 7.4 Dodging
 - Level 1.7 Stealth
 + Level 1.1 Shields
 - Level 4.1 Spellcasting
 - Level 9.2 Conjurations
 - Level 1.0 Transmutations
 - Level 3.0 Air Magic
 - Level 8.1 Earth Magic
 - Level 6.0 Poison Magic
 - Level 10.0 Invocations


You had 4 spell levels left.
You knew the following spells:

 Your Spells              Type           Power      Damage    Failure   Level
b - Poisonous Vapours     Pois/Air       46%        N/A       4%          2
c - Mephitic Cloud        Conj/Pois/Air  29%        N/A       4%          3
d - Olgreb's Toxic Radia  Pois           29%        N/A       14%         4
e - Swiftness             Air            16%        N/A       16%         3
f - Stone Arrow           Conj/Erth      80%        3d12      1%          3

Your spell library contained the following spells:

 Spells                   Type           Power      Damage    Failure   Level
 Magic Dart               Conj           100%       1d8       1%          1
 Searing Ray              Conj           86%        2d7       1%          2
 Sting                    Tmut/Pois      76%        1d6       4%          1
 Momentum Strike          Conj/Tloc      46%        3d9       4%          2
 Passwall                 Tmut/Erth      19%        N/A       4%          2
 Brom's Barrelling Bould  Conj/Erth      40%        2d6       4%          4
 Dazzling Flash           Conj/Hex       46%        N/A       8%          3
 Necrotise                Necr           16%        1d4       17%         1
 Ensorcelled Hibernation  Hex/Ice        8%         N/A       26%         2
 Leda's Liquefaction      Hex/Erth       10%        N/A       32%         4
 Call Canine Familiar     Summ           4%         N/A       45%         3
 Gell's Gravitas          Tloc           4%         N/A       45%         3
 Sigil of Binding         Hex            4%         N/A       45%         3
 Summon Guardian Golem    Hex/Summ       4%         N/A       45%         3
 Teleport Other           Tloc           4%         N/A       45%         3
 Vampiric Draining        Necr           4%         2d6       45%         3
 Volatile Blastmotes      Fire/Tloc      8%         2d10      45%         3
 Dimensional Bullseye     Hex/Tloc       2%         N/A       86%         4
 Orb of Destruction       Conj           21%        9d8       97%         7
 Agony                    Necr           4%         N/A       99%         5
 Summon Forest            Summ/Tloc      2%         N/A       99%         5
 Eringya's Noxious Bog    Tmut/Pois      9%         4d6       99%         6
 Starburst                Conj/Fire      11%        6d5       99%         6
 Dispersal                Tloc           2%         N/A       100%        6
 Simulacrum               Ice/Necr       2%         N/A       100%        6
 Ozocubu's Refrigeration  Ice            2%         4d7       100%        7
 Spellforged Servitor     Conj/Summ      11%        N/A       100%        7
 Summon Hydra             Summ           2%         N/A       100%        7
 Discord                  Hex            2%         N/A       100%        8
 Ignition                 Fire           2%         3d3       100%        8
 Maxwell's Capacitive Co  Air            8%         ∞         100%        8
 Chain Lightning          Conj/Air       15%        3d20      100%        9
 Polar Vortex             Ice            2%         N/A       100%        9


Dungeon Overview and Level Annotations

Branches:
Dungeon (11/15)            Temple (0/1) D:7            Lair (1/5) D:11
    Orc (0/2) D:10

Altars:
Cheibriados
Fedhas
Kikubaaqudgha
Makhleb
Nemelex Xobeh
Qazlal
Ru
Sif Muna
Trog
Wu Jian
Xom

Shops:
D:2 [

Annotations:
D:3 3 runed translucent doors, Kurtz's ghost, amateur NaDe


Innate Abilities, Weirdness & Mutations

You sometimes gain power by taking damage.
When seriously injured, your blood forms thick armour. (AC +9)
Spells you cast may paralyse nearby enemies.


Message History

Aim: a komodo dragon (moderately wounded, poisoned, 82% to hit)
The stone arrow misses the komodo dragon.
Malevolent energies surge around you.
The komodo dragon looks more healthy.
The komodo dragon bites you.
You take 4 damage, and have 79/92 hp.
You now have 1/19 mp.
You hit the komodo dragon but do no damage.
The komodo dragon is poisoned.
The komodo dragon is heavily wounded.
The komodo dragon bites you!!
You focus on the pain.
You feel your power returning.
You take 17 damage, and have 62/92 hp.
You regained 11 mp, and now have 12/19 mp.
You hit the komodo dragon but do no damage.
The komodo dragon looks as sick as possible!
The komodo dragon is heavily wounded.
The komodo dragon bites you!
Your blood congeals into armour.
You take 16 damage, and have 46/92 hp.
You hit the komodo dragon but do no damage.
The komodo dragon is heavily wounded.
The komodo dragon misses you.
You hit the komodo dragon but do no damage.
The komodo dragon looks as sick as possible!
The komodo dragon is heavily wounded.
The komodo dragon bites you!
You focus on the pain.
You feel agile all of a sudden.
You take 10 damage, and have 36/92 hp.
You hit the komodo dragon but do no damage.
The komodo dragon looks as sick as possible!
The komodo dragon is heavily wounded.
The komodo dragon hisses menacingly.
The komodo dragon bites you!!
* * * LOW HITPOINT WARNING * * *
You focus on the pain.
You feel more agile all of a sudden.
You take 18 damage, and have 18/92 hp.
You hit the komodo dragon.
The komodo dragon looks as sick as possible!
The komodo dragon is severely wounded.
The komodo dragon bites you!!
You die...

#######
.......
..(†...
r.$.... #
##lr.....
#.#### #@#
.
..#^##†#.#
#.#..##r#
#...#.#
### #.†..#
..##
#.#†#.#
...####
#.##†#.#
....#.#
#:.##†.#.
.....## ##
#.####.


You could see a komodo dragon (extremely poisoned) and 2 river rats.

Vanquished Creatures
  A catoblepas (Lair:1)
  2 two-headed ogres
  A death yak (Lair:1)
  A cyclops (D:11)
  2 manticores
  A black mamba (Lair:1)
  Maggie (D:7)
  A gargoyle (D:11)
  A torpor snail (Lair:1)
  2 cane toads (Lair:1)
  Jeremiah (D:6)
  2 komodo dragons
  2 trolls (D:11)
  A hornet (D:11)
  Sigmund (D:6)
  7 wyverns
  A shadow (D:10)
  A vampire (D:10)
  Grum (D:8)
  2 basilisks (D:11)
  18 yaks
  3 steam dragons
  2 vampire mosquitoes (D:11)
  Menkaure (D:6)
  Edmund (D:6)
  10 water moccasins
  An orc warrior (D:7)
  2 ogres
  2 wolves (D:8)
  2 centaurs
  2 kobold brigands
  8 bullfrogs
  3 gnoll sergeants
  4 scorpions
  19 killer bees
  2 howler monkeys
  A jelly (D:5)
  5 hounds
  An orc priest (D:7)
  Ijyb (D:4)
  A gnoll bouda (D:9)
  4 iguanas
  8 orc wizards
  3 hell rats (Lair:1)
  Robin (D:3)
  18 gnolls
  12 adders
  7 river rats (Lair:1)
  2 shadow imps
  3 white imps
  An ufetubus (D:5)
  2 worms (D:2)
  4 dart slugs
  43 orcs
  7 ball pythons
  9 bats
  6 endoplasms
  2 giant cockroaches
  17 goblins
  13 hobgoblins
  5 jackals
  18 kobolds
  9 quokkas
  2 frilled lizards
  20 rats
337 creatures vanquished.

Vanquished Creatures (collateral kills)
  A gnoll (D:3)
1 creature vanquished.

Vanquished Creatures (others)
  A gnoll (D:3)
1 creature vanquished.

Grand Total: 339 creatures vanquished

Notes
Turn   | Place    | Note
-------+----------+-------------------------------------------
     0 | D:1      | jasper the Demonspawn Venom Mage began the quest for the
                  | Orb.
     0 | D:1      | Reached XP level 1. HP: 13/13 MP: 3/3
    57 | D:1      | Reached skill level 1 in Transmutations
   163 | D:1      | Gained mutation: When seriously injured, your blood forms
                  | armour. (AC +9) [demonic ancestry]
   163 | D:1      | Reached XP level 2. HP: 19/19 MP: 0/5
   166 | D:1      | Learned a level 2 spell: Poisonous Vapours
   263 | D:1      | Found a faded altar of an unknown god.
   268 | D:1      | Prayed at the altar of an unknown god.
   268 | D:1      | Became a worshipper of Sif Muna the Loreminder
   268 | D:1      | Reached * piety under Sif Muna
   971 | D:1      | Reached XP level 3. HP: 24/24 MP: 3/6
   975 | D:1      | Learned a level 3 spell: Mephitic Cloud
  1748 | D:2      | Reached ** piety under Sif Muna
  1787 | D:2      | Found Keregum's Antique Armour Emporium.
  1792 | D:2      | Reached skill level 1 in Conjurations
  1828 | D:2      | Reached skill level 1 in Air Magic
  2086 | D:2      | Gained mutation: Spells you cast may paralyse adjacent
                  | enemies. [demonic ancestry]
  2086 | D:2      | Reached XP level 4. HP: 18/30 MP: 3/7
  3422 | D:3      | Noticed Robin
  3435 | D:3      | Killed Robin
  3535 | D:3      | Gained mutation: You sometimes gain a little power by
                  | taking damage. [demonic ancestry]
  3535 | D:3      | Reached XP level 5. HP: 27/35 MP: 2/8
  4028 | D:3      | Found a runed translucent gate.
  4028 | D:3      | Found a runed translucent gate.
  4035 | D:3      | Found a runed translucent gate.
  4036 | D:3      | Noticed Kurtz's ghost (amateur NaDe)
  4235 | D:4      | Noticed Ijyb
  4250 | D:4      | Killed Ijyb
  4251 | D:4      | Reached XP level 6. HP: 35/41 MP: 2/12
  4264 | D:4      | Learned a level 4 spell: Olgreb's Toxic Radiance
  4268 | D:4      | Learned a level 3 spell: Swiftness
  4412 | D:4      | Reached *** piety under Sif Muna
  5063 | D:4      | Reached skill level 5 in Poison Magic
  5063 | D:4      | Gained mutation: You sometimes gain power by taking damage.
                  | [demonic ancestry]
  5063 | D:4      | Reached XP level 7. HP: 46/46 MP: 4/13
  5517 | D:5      | Entered Level 5 of the Dungeon
  5776 | D:5      | Reached skill level 1 in Invocations
  5795 | D:5      | Reached skill level 1 in Fighting
  6089 | D:5      | Reached skill level 2 in Invocations
  6223 | D:5      | Reached **** piety under Sif Muna
  6233 | D:5      | Reached skill level 3 in Invocations
  6311 | D:5      | Found an ornate altar of the Wu Jian Council.
  6426 | D:5      | Gained mutation: Spells you cast may paralyse nearby
                  | enemies. [demonic ancestry]
  6426 | D:5      | Reached XP level 8. HP: 57/57 MP: 10/14
  6654 | D:6      | Found a snail-covered altar of Cheibriados.
  6697 | D:6      | Reached skill level 4 in Invocations
  6708 | D:6      | Noticed Edmund
  6722 | D:6      | Killed Edmund
  6753 | D:6      | Noticed Menkaure
  6759 | D:6      | Killed Menkaure
  6906 | D:6      | Reached skill level 5 in Invocations
  7253 | D:6      | Noticed Jeremiah
  7253 | D:6      | Noticed Sigmund
  7260 | D:6      | Killed Sigmund
  7265 | D:6      | Killed Jeremiah
  7266 | D:6      | Reached skill level 6 in Invocations
  7368 | D:6      | Gained mutation: When seriously injured, your blood forms
                  | thick armour. (AC +9) [demonic ancestry]
  7368 | D:6      | Reached XP level 9. HP: 63/67 MP: 15/15
  7540 | D:7      | Reached skill level 5 in Fighting
  7540 | D:7      | Reached skill level 5 in Dodging
  7722 | D:7      | Found a staircase to the Ecumenical Temple.
  7999 | D:7      | Noticed Maggie
  8004 | D:7      | Reached skill level 7 in Invocations
  8019 | D:7      | Killed Maggie
  8153 | D:7      | Noticed a manticore
  8174 | D:7      | Killed a manticore
  8175 | D:7      | Reached skill level 8 in Invocations
  8471 | D:7      | You fall into a shaft and drop 2 floors!
  8613 | D:8      | Noticed a two-headed ogre
  8630 | D:8      | Killed a two-headed ogre
  8631 | D:8      | Reached skill level 9 in Invocations
  8631 | D:8      | Reached XP level 10. HP: 63/79 MP: 13/16
  8729 | D:8      | Reached ***** piety under Sif Muna
  9524 | D:7      | Found a burning altar of Makhleb.
  9525 | D:7      | Found a sparkling altar of Nemelex Xobeh.
  9526 | D:7      | Found a shimmering altar of Xom.
  9526 | D:7      | Found a sacrificial altar of Ru.
  9526 | D:7      | Found a bloodstained altar of Trog.
  9527 | D:7      | Found a blossoming altar of Fedhas.
  9528 | D:7      | Found a stormy altar of Qazlal.
  9529 | D:7      | Found a shimmering blue altar of Sif Muna.
  9530 | D:7      | Found an ancient bone altar of Kikubaaqudgha.
  9822 | D:8      | Noticed Grum
  9841 | D:8      | Killed Grum
  9841 | D:8      | Identified the of Lozoah (Sif Muna gifted it to you on
                  | level 8 of the Dungeon)
  9841 | D:8      | Received a gift from Sif Muna
  9842 | D:8      | Reached skill level 10 in Invocations
  9848 | D:8      | Learned a level 3 spell: Stone Arrow
 10225 | D:9      | Noticed a six-headed hydra
 10283 | D:9      | Reached skill level 1 in Earth Magic
 10411 | D:10     | Entered Level 10 of the Dungeon
 10847 | D:10     | Found a staircase to the Orcish Mines.
 11284 | D:11     | Noticed a cyclops
 11284 | D:11     | Noticed a two-headed ogre
 11300 | D:11     | Noticed a gargoyle
 11318 | D:11     | Killed a two-headed ogre
 11319 | D:11     | Killed a gargoyle
 11320 | D:11     | Reached skill level 5 in Conjurations
 11322 | D:11     | Killed a cyclops
 11323 | D:11     | Reached XP level 11. HP: 55/86 MP: 18/18
 11506 | D:11     | Reached skill level 5 in Earth Magic
 12102 | D:11     | Found a staircase to the Lair.
 12674 | Lair:1   | Entered Level 1 of the Lair of Beasts
 12678 | Lair:1   | Identified the ring of the Endless Expanse {Str+2 Dex+6}
 13331 | Lair:1   | Noticed a death yak
 13333 | Lair:1   | Noticed a catoblepas
 13879 | Lair:1   | Killed a catoblepas
 14031 | Lair:1   | Reached XP level 12. HP: 76/92 MP: 12/19
 14041 | Lair:1   | Killed a death yak
 14275 | Lair:1   | Identified the +6 chain mail of Dice, Bag, and Bottle {rC+
                  | Dex+4}
 14305 | Lair:1   | Identified a scroll of acquirement
 14305 | Lair:1   | Acquired the +2 buckler of the Stone Wall {Contam rC+
                  | Slay+2}
 14385 | Lair:1   | Identified the "Derphajuis" (Sif Muna gifted it to you on
                  | level 1 of the Lair of Beasts)
 14385 | Lair:1   | Received a gift from Sif Muna
 14395 | Lair:1   | Reached skill level 1 in Shields
 14404 | Lair:1   | Slain by a komodo dragon

Illustrated notes

Levels and vault maps discovered:
D:1:      lightli_arrival_chessboard, layout_loops_ring,
          hellmonk_ecumenical_altar_run_dry
D:2:      layout_basic, serial_shops, shop, kennysheep_generic_room_9
D:3:      layout_loops_ring, dreamdust_divine_triumvirate,
          gammafunk_ghost_necromancy, uniq_robin
D:4:      layout_basic, minmay_ruptured, uniq_ijyb
D:5:      layout_loops_cross, nicolae_wu_jian_wuxing_cycle,
          kennysheep_generic_room_15
D:6:      layout_rooms, lemuel_round_altar, uniq_jeremiah, uniq_menkaure,
          uniq_edmund, uniq_sigmund
D:7:      layout_basic, minitemple, minmay_temple_entry_statues_fountains,
          uniq_maggie
D:8:      layout_basic, serial_aquarium, aquarium_bridge_square
          [aquarium_subvault_window, aquarium_subvault_bridge,
          aquarium_subvault_bridge, aquarium_subvault_bridge],
          aquarium_bridge_square [aquarium_subvault_wall,
          aquarium_subvault_bridge, aquarium_subvault_wall,
          aquarium_subvault_window], aquarium_window_fake, aquarium_window_2,
          aquarium_window_fake, aquarium_window_fake, aquarium_view_2d,
          aquarium_view_2e, aquarium_pool_2, uniq_grum
D:9:      layout_gridville
D:10:     layout_basic, orc_0_dummy
D:11:     layout_small_grid, erik_lair_dragon
Lair:1:   lemuel_ratsnest, layout_loops_ring, grunt_megastairs_3

Skill      XL: |  1  2  3  4  5  6  7  8  9 10 11 12 |
---------------+-------------------------------------+-----
Transmutations | 1 |  1.0
Poison Magic   | 4 5 6 |  6.0
Conjurations   | 1 2 5 8 9 |  9.2
Air Magic      | 1 2 3 |  3.0
Spellcasting   | 4 |  4.1
Dodging        | 3 4 6 7 |  7.4
Invocations    | 3 6 9 10 | 10.0
Fighting       | 2 4 7 |  7.8
Earth Magic    | 4 7 8 |  8.1
Shields        | 1 |  1.1
Stealth        | |  1.7

Action                     |  1- 3 |  4- 6 |  7- 9 | 10-12 || total
---------------------------+-------+-------+-------+-------++-------
  Melee: Unarmed           |    18 |       |       |       ||    18
         Short sword       |    15 |       |       |       ||    15
         Dagger            |     7 |    91 |   101 |   238 ||   437
         Punch             |     1 |       |     2 |     1 ||     4
   Cast: Sting             |    61 |    56 |    67 |    22 ||   206
         Poisonous Vapours |    18 |    24 |    37 |    33 ||   112
         Mephitic Cloud    |       |     2 |     6 |     3 ||    11
         Olgreb's Toxic Ra |       |     4 |    16 |    44 ||    64
         Stone Arrow       |       |       |       |    63 ||    63
 Invoke: Channel Magic     |       |       |       |     2 ||     2
  Evoke: Wand              |       |     1 |     5 |       ||     6
    Use: Scroll            |     5 |     4 |     2 |     9 ||    20
         Potion            |       |       |     3 |       ||     3
   Stab: Paralysed         |       |     3 |    15 |    18 ||    36
         Confused          |       |       |     1 |     1 ||     2
         Sleeping          |       |       |       |     2 ||     2
 Armour: Robe              |    43 |    58 |    95 |    36 ||   232
         Steam dragon scal |       |       |       |   200 ||   200
  Dodge: Dodged            |    43 |    66 |    90 |   203 ||   402

Table legend: (Time is in decaauts)
 A = Elapsed time spent in this place.
 B = Non-inter-level travel time spent in this place.
 C = Inter-level travel time spent in this place.
 D = Time resting spent in this place.
 E = Time spent auto-exploring this place.
 F = Levels seen in this place.
 G = Mean time per level.
                   A        B        C        D        E       F      G
               +--------+--------+--------+--------+--------+-----+--------+
         Total |  14419 |  14021 |    398 |    427 |  11286 |  12 | 1201.6 |
       Dungeon |  12679 |  12281 |    398 |    418 |   9887 |  11 | 1152.6 |
          Lair |   1740 |   1740 |      0 |      9 |   1399 |   1 | 1740.0 |
               +--------+--------+--------+--------+--------+-----+--------+

Top non-repeatable levels by time:
  Lair:1: 1740 daAuts
     D:8: 1626 daAuts
    D:11: 1548 daAuts
     D:2: 1535 daAuts
     D:1: 1412 daAuts
     D:4: 1366 daAuts
     D:3: 1198 daAuts
     D:5: 1135 daAuts
     D:7: 1120 daAuts
     D:6: 839 daAuts
    D:10: 722 daAuts
     D:9: 171 daAuts
